cohdb
Replays
Latest Replays
All Replays
Popular Replays
Top Player Replays
Match Explorer
How It Works
Community
CoH3 Stats
Reddit
Sign in to upload your games and track your stats! →
Sign in with Steam
Match 41461173
Unlisted
Match 41461173
Overview
Messages
Build Orders
End
Engineer Squad
Construct Barracks
Riflemen Squad
Riflemen Squad
Riflemen Squad
Infantry Support Center
Grenade Package
Construct Weapon Support Center
M3 Armored Personnel Carrier
Selects Heavy Weapons
Selects Assault Carriers
Selects Exchangeable Parts
M1918 Browning Automatic Rifles
Engineer Squad
Bazooka Squad
Construct Tank Depot
Mortar Pit
M4(105) Sherman Bulldozer
M4A1 Sherman Medium Tank
DeltaBravo82
晴天小怪兽
dad81ace
很好很好很好啊
諾爾斯
kenleung
Fright3n
sincelost21
0
0
Comments
sign in to comment!
No comments posted yet!